AoeStats
← tigremaster

Nomad

509693822Analyzed
4v4 RM · 4d ago on Sep 27, 2026· 45m 20s· 8 players
Game mode
Random Map
Map size
231×231
Population
200
Speed
Normal
Resources
Standard
Victory
Conquest
Starting age
Dark Age
Ending age
Imperial Age
RankedLock teamsTeams togetherTeam positionsShared explorationLock speedFull tech treeHidden civsTurbo modeCheats
Victory
Defeat
1194
+12
🇦🇷 Italians · Argentina
1192
+12
🇭🇺 Japanese · Hungary
1141
+14
🇬🇧 Ethiopians · United Kingdom
1095
+48
🇦🇷 Japanese · Argentina
1283
-20
🇪🇨 Malay · Ecuador
1183
-16
🇦🇷 Huns · Argentina
1094
-13
🇦🇷 Italians · Argentina
864
-6
Doppinger
5:12 Loom
5:31 Loom
13:01 Feudal Age
13:47 Double-Bit Axe
15:37 Gold Mining
21:06 Castle Age
19:57 Horse Collar
20:10 Stone Mining
20:58 Wheelbarrow
20:12 Town Watch
23:16 Medium Warships
25:27 Murder Holes
28:14 Fletching
30:49 Bodkin Arrow
33:31 Hand Cart
33:39 Fishing Lines
35:47 Bow Saw
36:59 Gillnets
42:18 Imperial Age
40:00 Treadmill Crane
41:23 Ballistics
41:45 Yasama
42:14 Guard Tower
43:56 Keep
44:30 Chemistry
43:22 Arrowslits
44:57 Bracer
45:23 Masonry
Fürst_Herzogtum_Gomaringen
9:14 Loom
14:00 Feudal Age
14:57 Double-Bit Axe
20:25 Castle Age
18:46 Fishing Lines
20:04 Horse Collar
23:13 Gillnets
26:33 Bloodlines
29:15 Husbandry
31:24 Scale Barding Armor
31:09 Town Watch
32:00 Wheelbarrow
33:32 Heavy Plow
35:06 Hand Cart
35:13 Chain Barding Armor
35:04 Forging
35:38 Bow Saw
Will
7:02 Loom
14:52 Feudal Age
18:50 Wheelbarrow
18:03 Double-Bit Axe
18:08 Fishing Lines
22:16 Castle Age
23:42 Hand Cart
24:04 Medium Warships
27:23 Horse Collar
28:49 Crossbowman
32:01 Thumb Ring
32:10 Fletching
33:21 Bodkin Arrow
33:26 Padded Archer Armor
35:36 Leather Archer Armor
35:59 Caravan
36:30 Coinage
37:05 Bow Saw
41:05 Imperial Age
41:12 Arbalester
41:16 Capped Ram
42:07 Bracer
42:38 Ring Archer Armor
45:14 Chemistry
44:35 Ballistics
44:31 Siege Engineers
44:37 Masonry
Riky
13:32 Loom
15:48 Feudal Age
16:22 Gold Mining
16:22 Double-Bit Axe
18:12 Fishing Lines
22:09 Castle Age
20:00 Fletching
22:14 Stone Mining
23:02 Medium Warships
23:10 Bodkin Arrow
24:56 Bow Saw
25:13 Gillnets
26:19 Clinker Construction
26:29 Ballistics
27:20 Careening
27:16 Siphons
27:34 Horse Collar
28:17 Forging
30:18 Stone Shaft Mining
30:52 Heavy Plow
32:06 Wheelbarrow
31:17 Town Watch
34:06 Hand Cart
34:29 Padded Archer Armor
35:15 Thumb Ring
36:14 Leather Archer Armor
36:36 Treadmill Crane
36:51 Murder Holes
41:05 Imperial Age
38:35 Town Patrol
39:45 Iron Casting
39:11 Scale Mail Armor
40:14 Silk Road
41:10 Caravan
42:39 Crop Rotation
43:10 Two-Man Saw
43:59 Chemistry
44:03 Carvel Hull
44:11 Elite Cannon Galleon
46:15 Shipwright
Nelware1
9:14 Loom
14:05 Feudal Age
14:27 Double-Bit Axe
15:13 Gold Mining
19:21 Fishing Lines
21:43 Fletching
28:16 Castle Age
28:11 Medium Warships
27:53 Gillnets
34:08 Sanctity
35:08 Horse Collar
kei 2026
3:30 Loom
14:01 Feudal Age
18:01 Castle Age
16:26 Stone Mining
17:08 Double-Bit Axe
19:15 Bow Saw
20:43 Fletching
25:49 Horse Collar
27:52 Wheelbarrow
29:28 Gold Mining
29:49 Town Watch
31:25 Scale Mail Armor
32:36 Forging
34:00 Hand Cart
34:35 Bodkin Arrow
40:15 Imperial Age
39:14 Chain Mail Armor
40:10 Squires
tigremaster
4:55 Loom
15:29 Feudal Age
Loco-Pro
13:23 Loom
15:41 Feudal Age
17:52 Double-Bit Axe
23:30 Castle Age
23:04 Bloodlines
23:14 Fletching
24:42 Light Cavalry
29:55 Elite Skirmisher
30:41 Padded Archer Armor
30:41 Bodkin Arrow
Connection lost

Rejoining the realm…

Still unreachable

The connection could not be restored.

Session expired

The server has moved on; the page needs a fresh start.